 Dungeon Crawl Stone Soup version 0.26-a0-1101-g8f9f7f7418 (webtiles) character file.

Game seed: 14474276451587620040

6604 HoaS the Basher (level 11, -6/60 HPs)
             Began as a Gargoyle Fighter on Dec 15, 2020.
             Was a Believer of Makhleb.
             Splashed by Joseph's acid (12 damage)
             ... on level 10 of the Dungeon.
             The game lasted 00:22:30 (7952 turns).

HoaS the Basher (Gargoyle Fighter)                  Turns: 7952, Time: 00:22:30

Health: -6/60      AC: 16    Str: 24    XL:     11   Next: 2%
Magic:  11/11      EV:  5    Int:  8    God:    Makhleb [**....]
Gold:   761        SH: 13    Dex: 15    Spells: 10/10 levels left

rFire    + . .     SeeInvis .   e - +0 morningstar
rCold    . . .     Faith    .   c - +0 kite shield
rNeg     + . .     Spirit   .   j - +0 plate armour
rPois    ∞         Reflect  .   (no helmet)
rElec    +         Harm     .   w - +0 cloak
rCorr    .         Rampage  .   q - +0 pair of gloves
Will     .....                  l - +2 pair of boots {run}
Stlth    ..........             k - amulet of the acrobat
HPRegen  0.20/turn              A - +6 ring of dexterity
MPRegen  0.12/turn              b - ring of protection from fire

@: corroded, quick
A: negative energy resistance 1, electricity resistance, unbreathing,
petrification resistance, miasma immunity, AC +8
a: Minor Destruction, Renounce Religion


You were on level 10 of the Dungeon.
You worshipped Makhleb.
Makhleb was pleased with you.
You visited 2 branches of the dungeon, and saw 11 of its levels.

You collected 833 gold pieces.
You spent 72 gold pieces at shops.

Inventory:

Hand Weapons
 e - a +0 morningstar (weapon)
Armour
 c - a +0 kite shield (worn)
 j - a +0 plate armour (worn)
 l - a +2 pair of boots of running (worn)
 q - a +0 pair of gloves (worn)
 w - a +0 cloak (worn)
Jewellery
 b - a ring of protection from fire (right hand)
 f - an uncursed ring of positive energy
 k - an amulet of the acrobat (around neck)
 n - an uncursed ring of stealth
 y - an uncursed ring of stealth
 A - a +6 ring of dexterity (left hand)
Wands
 t - a wand of paralysis (2) (quivered)
Scrolls
 a - a scroll of identify
 h - 6 scrolls of teleportation
 m - 4 scrolls of enchant weapon
 r - 4 scrolls of magic mapping
 u - 2 scrolls of fog
 v - 2 scrolls of remove curse
Potions
 d - 5 potions of flight
 g - 5 potions of invisibility
 i - 2 potions of mutation
 o - a potion of berserk rage
 p - 2 potions of attraction
 s - a potion of lignification
 x - 4 potions of heal wounds
 B - a potion of haste
 C - a potion of magic {unknown}


   Skills:
 - Level 3.2 Fighting
 * Level 13.1 Maces & Flails
 - Level 3.2 Armour
 + Level 10.8 Shields


You had 10 spell levels left.
You didn't know any spells.
Your spell library contained the following spells:

 Spells                   Type           Power        Failure   Level
 Corona                   Hex            #......      100%        1
 Ensorcelled Hibernation  Hex/Ice        #.....       100%        2
 Confusing Touch          Hex            #.......     100%        3
 Dazzling Flash           Conj/Hex       #.....       100%        3
 Tukima's Dance           Hex            #.......     100%        3


Dungeon Overview and Level Annotations

Branches:
Dungeon (10/15)            Temple (1/1) D:5
   Lair: D:8-11         Orc: D:9-12

Altars:
Ashenzari
Cheibriados
Dithmenos
Elyvilon
Fedhas
Gozag
Hepliaklqana
Kikubaaqudgha
Makhleb
Nemelex Xobeh
Okawaru
Qazlal
Ru
Sif Muna
Trog
Uskayaw
Vehumet
Wu Jian
Xom
Yredelemnul
Zin
The Shining One

Shops:
D:4 *

Annotations:
D:10 Joseph


Innate Abilities, Weirdness & Mutations

You are resistant to torment.
Your stone body is resilient. (AC +8)
You are immune to poison.
You resist negative energy. (rN+)
You are resistant to electric shocks. (rElec)
You can survive without breathing.
You are immune to petrification.
You are immune to miasma.


Message History

The wyvern bites you but does no damage.
Joseph says, "You must be punished!
Or...
I want to punish you!"
Joseph unwields a +6 hunting sling of flaming.
It stops flaming.
Joseph wields a +2 quarterstaff of draining.
You sense an unholy aura.
Joseph hits you but does no damage.
You barely miss Joseph.
Joseph is lightly wounded.
The wyvern bites you.
You hit Joseph.
Joseph is lightly wounded.
You block the wyvern's attack. Joseph hits you but does no damage.
You closely miss Joseph.
Joseph is lightly wounded.
The wyvern bites you!
Joseph screams, "One false step and I'll kill you."
Joseph zaps a wand.
The bolt of acid hits you!
* * * LOW HITPOINT WARNING * * *
The acid corrodes you!
You are splashed with acid!
You die...

......#
.....#
.....# ....#
....# #...#
#@l?#
#@..########
#...........
#(..........
#...........
#...........
#...(######
#. #....# #.
#....# #.
#....# #.


You could see Joseph and a wyvern.

Vanquished Creatures
  A centaur warrior (D:9)
  Maggie (D:9)
  A komodo dragon (D:10)
  A troll (D:10)
  A meliai (D:9)
  A wraith (D:7)
  A vampire (D:10)
  A water moccasin (D:9)
  Duvessa (D:4)
  3 black bears
  2 orc warriors
  5 phantoms
  A necrophage (D:7)
  2 ogres
  4 centaurs
  7 bullfrogs
  A big kobold (D:8)
  Dowan (D:4)
  A water moccasin zombie (D:9)
  7 scorpions
  9 wights
  2 howler monkeys
  3 bullfrog zombies
  5 centaur zombies
  6 hounds
  2 jellies
  A quasit (D:9)
  An orc priest (D:8)
  Crazy Yiuf (D:5)
  4 iguanas
  8 orc wizards
  2 bullfrog skeletons
  Terence (D:2)
  A centaur skeleton (D:8)
  11 worker ants
  A killer bee zombie (D:9)
  2 worker ant zombies (D:6)
  2 howler monkey zombies
  9 adders
  A howler monkey skeleton (D:7)
  2 shadow imps
  5 white imps
  2 ufetubi
  An ooze (D:2)
  2 adder zombies
  2 adder skeletons
  A worm (D:2)
  A dart slug (D:3)
  2 leopard geckos
  22 orcs
  11 bats
  4 giant cockroaches
  3 goblins
  8 hobgoblins
  7 jackals
  2 quokkas (D:6)
  4 frilled lizards
  A jackal zombie (D:7)
  10 kobolds
  A leopard gecko zombie (D:7)
  6 rats
212 creatures vanquished.

Vanquished Creatures (others)
  A fungus (D:5)
1 creature vanquished.

Grand Total: 213 creatures vanquished

Notes
Turn   | Place    | Note
-------+----------+-------------------------------------------
     0 | D:1      | HoaS the Gargoyle Fighter began the quest for the Orb.
     0 | D:1      | Reached XP level 1. HP: 14/14 MP: 1/1
   181 | D:1      | Reached XP level 2. HP: 19/19 MP: 2/2
   750 | D:2      | Reached skill level 3 in Maces & Flails
   760 | D:2      | Noticed a scorpion
   760 | D:2      | Noticed Terence
   768 | D:2      | Reached XP level 3. HP: 20/23 MP: 3/3
   774 | D:2      | Killed a scorpion
   775 | D:2      | Reached XP level 4. HP: 19/28 MP: 4/4
   783 | D:2      | Killed Terence
   784 | D:2      | Reached skill level 4 in Maces & Flails
   968 | D:2      | Found a faded altar of an unknown god.
  1664 | D:2      | Reached XP level 5. HP: 32/32 MP: 5/5
  1929 | D:3      | Found a broken altar of Ashenzari.
  2044 | D:3      | Noticed a phantom
  2061 | D:3      | Killed a phantom
  2062 | D:3      | Reached skill level 5 in Maces & Flails
  2062 | D:3      | Reached skill level 5 in Shields
  2062 | D:3      | Reached XP level 6. HP: 33/37 MP: 6/6
  2588 | D:4      | Found a shadowy altar of Dithmenos.
  2640 | D:4      | Noticed Dowan
  2641 | D:4      | Noticed Duvessa
  2680 | D:4      | Killed Duvessa
  2690 | D:4      | Killed Dowan
  2691 | D:4      | Reached skill level 6 in Maces & Flails
  2691 | D:4      | Reached XP level 7. HP: 16/41 MP: 7/7
  3017 | D:4      | Found Deewnergh's Assorted Antiques.
  3020 | D:4      | Bought a scroll of identify for 36 gold pieces
  3020 | D:4      | Bought a scroll of identify for 36 gold pieces
  3230 | D:5      | Entered Level 5 of the Dungeon
  3271 | D:5      | Identified a scroll of acquirement
  3271 | D:5      | Acquired a +1 pair of boots of running
  3354 | D:5      | Found an opulent altar of Gozag.
  3414 | D:5      | Reached skill level 7 in Maces & Flails
  3466 | D:5      | Found a staircase to the Ecumenical Temple.
  3492 | D:5      | Reached XP level 8. HP: 40/46 MP: 8/8
  3503 | Temple   | Entered the Ecumenical Temple
  3670 | Temple   | Became a worshipper of Makhleb the Destroyer
  4176 | D:5      | Found a runed translucent door.
  4177 | D:5      | Noticed Crazy Yiuf
  4183 | D:5      | Killed Crazy Yiuf
  4284 | D:6      | You fall into a shaft and drop 3 floors!
  4352 | D:9      | Reached skill level 8 in Maces & Flails
  4609 | D:9      | Found a glowing golden altar of the Shining One.
  4859 | D:8      | Reached skill level 9 in Maces & Flails
  4899 | D:8      | Reached XP level 9. HP: 47/51 MP: 9/9
  4908 | D:8      | Reached * piety under Makhleb
  5114 | D:7      | Reached skill level 10 in Maces & Flails
  5929 | D:6      | Found a bloodstained altar of Trog.
  5935 | D:6      | Found a basalt altar of Yredelemnul.
  6013 | D:6      | Reached skill level 11 in Maces & Flails
  6101 | D:7      | Reached ** piety under Makhleb
  6217 | D:7      | Reached XP level 10. HP: 56/56 MP: 10/10
  6244 | D:7      | Found a shimmering altar of Xom.
  6417 | D:7      | Found a shimmering blue altar of Sif Muna.
  6419 | D:7      | Found a glowing golden altar of the Shining One.
  6419 | D:7      | Found a shimmering altar of Xom.
  6429 | D:7      | Found a shimmering blue altar of Sif Muna.
  6429 | D:7      | Found an opulent altar of Gozag.
  6429 | D:7      | Found an opulent altar of Gozag.
  7035 | D:9      | Found a sacrificial altar of Ru.
  7040 | D:9      | Noticed Maggie
  7046 | D:9      | Killed Maggie
  7315 | D:9      | Reached skill level 12 in Maces & Flails
  7470 | D:10     | Entered Level 10 of the Dungeon
  7491 | D:10     | Reached skill level 10 in Shields
  7536 | D:10     | Noticed a centaur warrior
  7566 | D:9      | Killed a centaur warrior
  7792 | D:10     | Reached skill level 13 in Maces & Flails
  7931 | D:10     | Reached XP level 11. HP: 60/60 MP: 11/11
  7942 | D:10     | Noticed Joseph
  7952 | D:10     | Splashed by Joseph's acid

Illustrated notes

Levels and vault maps discovered:
D:1:      sevenhm_arrival_forest_fort_small_5, layout_basic,
          roderic_serpentine_path, minmay_fountain_box
D:2:      layout_loops_corners, chequers_ecumenical_altar_simple_redux,
          uniq_terence
D:3:      layout_loops_ring, st_stairs_11, ashenzari_altar_1
D:4:      layout_gridville, grunt_dithmenos_shadows, serial_shops,
          kennysheep_mini, minmay_unequal, uniq_menkaure, uniq_duvessa
D:5:      layout_loops_cross, grunt_gozag_breadcrumbs,
          minmay_temple_entry_stoned_glass, serial_rivers,
          chequers_serial_rivers_large_b, chequers_serial_rivers_room_b,
          chequers_serial_rivers_micro_c, chequers_serial_rivers_small_b,
          uniq_crazy_yiuf_cottage
D:6:      minmay_razor_zed, layout_gridville, amethyst_overflow_temple_binary,
          minmay_joined_circles
D:7:      layout_rooms, basic_altar, doesnt_xom_only_xom
D:8:      layout_basic
D:9:      layout_roguey, nicolae_ru_sacrificial_ziggurat, lemuel_round_altar,
          uniq_maggie
D:10:     minmay_blocky_corners, layout_irregular_city, david_orc_2,
          hangedman_abyss_or_decor_stabs, uniq_urug, uniq_joseph
Temple:   eino_temple_scatter_basement

Skill      XL: |  1  2  3  4  5  6  7  8  9 10 |
---------------+-------------------------------+-----
Maces & Flails | 3 4 5 6 7 9 11 13 | 13.1
Shields        | 4 5 6 7 9 10 | 10.8
Fighting       | |  3.2
Armour         | |  3.2

Action                   |  1- 3 |  4- 6 |  7- 9 | 10-12 || total
-------------------------+-------+-------+-------+-------++-------
Melee: Flail             |    75 |     9 |       |       ||    84
       Morningstar       |       |   195 |   485 |   318 ||   998
Evoke: Wand              |       |       |       |     2 ||     2
  Use: Scroll            |     4 |     6 |    17 |       ||    27
       Potion            |     1 |       |       |     3 ||     4
 Stab: Paralysed         |       |       |       |     3 ||     3
Armor: Scale mail        |    36 |       |       |       ||    36
       Chain mail        |       |   110 |   259 |    53 ||   422
       Plate armour      |       |       |       |   132 ||   132
       Swamp dragon scal |       |       |       |     3 ||     3
Dodge: Dodged            |    22 |    62 |   126 |    77 ||   287
Block: Kite shield       |    44 |   111 |   268 |   199 ||   622

Table legend: (Time is in decaauts)
 A = Elapsed time spent in this place.
 B = Non-inter-level travel time spent in this place.
 C = Inter-level travel time spent in this place.
 D = Time resting spent in this place.
 E = Time spent auto-exploring this place.
 F = Levels seen in this place.
 G = Mean time per level.
                   A        B        C        D        E       F      G
               +--------+--------+--------+--------+--------+-----+--------+
         Total |   7821 |   7512 |    309 |    999 |   4402 |  11 |  711.0 |
       Dungeon |   7660 |   7379 |    281 |    999 |   4272 |  10 |  766.0 |
        Temple |    160 |    133 |     27 |      0 |    129 |   1 |  160.0 |
               +--------+--------+--------+--------+--------+-----+--------+

Top non-repeatable levels by time:
     D:9: 1273 daAuts
     D:2: 990 daAuts
     D:6: 910 daAuts
     D:4: 908 daAuts
     D:5: 796 daAuts
     D:1: 742 daAuts
     D:3: 693 daAuts
     D:7: 635 daAuts
     D:8: 419 daAuts
    D:10: 290 daAuts
  Temple: 160 daAuts
